 Dungeon Crawl Stone Soup version 0.32-a0-612-g1c984fe9d1 (webtiles) character file.

Game seed: 13724465336953217677

261 Aldia the Chopper (level 5, -6/37 (46) HPs)
             Began as a Mountain Dwarf Reaver on Mar 4, 2024.
             Mangled by a wyvern (8 damage)
             ... on level 3 of the Dungeon.
             The game lasted 00:05:12 (2875 turns).

Aldia the Chopper (Mountain Dwarf Reaver)           Turns: 2875, Time: 00:05:12

HP:   -6/37 (46)    AC:  8    Str: 17    XL:     5   Next: 96%
MP:   8/8           EV:  7    Int: 13    God:
Gold: 189           SH:  0    Dex:  8    Spells: 4/8 levels left

rFire   + . .        a - +0 hand axe
rCold   . . .        (no shield)
rNeg    . . .        d - +0 chain mail
rPois   .            (no helmet)
rElec   .            (no cloak)
rCorr   .            (no gloves)
SInv    .            (no boots)
Will    .....        (no amulet) Stlth
                     h - ring of protection from fire
HPRegen 0.26/turn    (no ring)
MPRegen 0.11/turn

%: no passive effects
@: heavily drained
A: runic magic, artefact enchanting
a: no special abilities


You were on level 3 of the Dungeon.
You visited 1 branch of the dungeon, and saw 4 of its levels.

You collected 189 gold pieces.

Inventory:

Hand Weapons
 a - a +0 hand axe (weapon)
Missiles
 m - a throwing net
Armour
 c - a +0 scale mail
 d - a +0 chain mail (worn)
Jewellery
 h - a ring of protection from fire (left hand)
Wands
 j - a wand of charming (8)
Scrolls
 g - a scroll of identify {unknown}
 i - a scroll of enchant weapon {unknown}
 k - a scroll of poison {unknown}
Potions
 b - a potion of ambrosia {unknown}
 e - a potion of curing {unknown}
 f - a potion of might {unknown}


   Skills:
 + Level 3.7 Fighting
 * Level 5.7 Axes
 + Level 2.6 Armour
 - Level 1.3 Dodging
 - Level 2.0 Spellcasting
 - Level 2.6 Conjurations
 + Level 2.2 Necromancy


You had 4 spell levels left.
You knew the following spells:

 Your Spells              Type           Power      Damage    Failure   Level
a - Kiss of Death         Conj/Necr      28%        2d7       17%         1
b - Fugue of the Fallen   Necr           7%         N/A       50%         3

Your spell library contained the following spells:

 Spells                   Type           Power      Damage    Failure   Level
 Necrotise                Necr           28%        1d5       19%         1
 Sting                    Conj/Alch      16%        1d4       26%         1
 Momentum Strike          Conj/Tloc      8%         3d8       36%         2
 Apportation              Tloc           2%         N/A       41%         1
 Summon Small Mammal      Summ           4%         N/A       41%         1
 Ensorcelled Hibernation  Hex/Ice        2%         N/A       56%         2
 Jinxbite                 Hex            2%         N/A       56%         2
 Lesser Beckoning         Tloc           2%         N/A       56%         2
 Hailstorm                Conj/Ice       4%         3d5       61%         3
 Gell's Gravitas          Tloc           1%         N/A       80%         3
 Teleport Other           Tloc           1%         N/A       80%         3
 Anguish                  Hex/Necr       2%         N/A       96%         4
 Alistair's Intoxication  Alch           0%         N/A       100%        5


Dungeon Overview and Level Annotations

Branches:
Dungeon (4/15)
 Temple: D:4-7

Altars:
Gozag
Kikubaaqudgha
Ru
Zin


Innate Abilities, Weirdness & Mutations

Your spellcasting is much less encumbered by armour.
You can use scrolls of enchantment on lesser artefacts.


Message History

Aiming: Kiss of Death (safe; 17% risk of failure)
Press: ? - help, Shift-Dir - straight line, f - wyvern
Aim: a wyvern (100% to hit)
The fragment of death hits the wyvern.
The wyvern is drained!
The wyvern is lightly wounded.
You feel drained. The wyvern bites you!
* * * LOW HITPOINT WARNING * * *
The wyvern bites you but does no damage.
Unknown command.
Unknown command.
As you read the scroll of fear, it crumbles to dust.
You assume a fearsome visage.
The wyvern looks frightened!
The ribbon worm looks frightened!
Found 17 gold pieces.
You now have 189 gold pieces (gained 17).
Found 3 stones.
There is a stone staircase leading up here.
You climb upwards.
There is a stone staircase leading down here.
You see here a jackal skeleton.
There is a stone staircase leading down here.
You start resting.
HP restored.
You climb downwards.
There is a stone staircase leading up here.
Okay, then.
There is a stone staircase leading up here.
A wyvern is nearby!
The wyvern attacks as it pursues you! The wyvern bites you! x2
* * * LOW HITPOINT WARNING * * *
There is a stone staircase leading up here.
The wyvern bites you.
* * * LOW HITPOINT WARNING * * *
You climb upwards.
There is a stone staircase leading down here.
Unknown command.
You closely miss the wyvern. The wyvern bites you.
* * * LOW HITPOINT WARNING * * *
The wyvern bites you!
You die...

#..<....####.##.#
#.#..........##.# ####
#.#####รท#######.###...
#.# #.# #....... #[# #.#
#..##.## #)# #.# #.....#
#)#####.# ##.####
#....##.#### #.#
#....@k....# #.#
##...#.....# #.#
#..##.#...# #.#
#..##.##.######.#####
#..##...........##...
#..#####.######.##.##
#..# #.# #.##.#
##########..# ##.##
#.##.#
####.......#...####...###
#.##.#


You could see a wyvern.

Vanquished Creatures
  A bombardier beetle (D:4)
  A hound (D:3)
  Terence (D:3)
  Natasha (thrice) (D:2)
  2 adders (D:2)
  4 gnolls (D:3)
  A dart slug (D:3)
  An endoplasm (D:3)
  3 giant cockroaches
  5 goblins
  5 hobgoblins
  2 jackals (D:3)
  3 quokkas
  6 ball pythons
  5 bats
  2 frilled lizards
  2 kobolds
  4 rats
51 creatures vanquished.

Notes
Turn   | Place    | Note
-------+----------+-------------------------------------------
     0 | D:1      | Aldia the Mountain Dwarf Reaver began the quest for the
                  | Orb.
     0 | D:1      | Reached XP level 1. HP: 17/17 MP: 3/3
   291 | D:1      | Reached skill level 4 in Axes
   291 | D:1      | Reached XP level 2. HP: 25/25 MP: 4/4
   948 | D:2      | Reached skill level 1 in Armour
   995 | D:2      | Noticed Natasha
   999 | D:2      | Killed Natasha
  1000 | D:2      | Reached XP level 3. HP: 20/30 MP: 4/6
  1128 | D:2      | Noticed Natasha
  1135 | D:2      | Killed Natasha
  1136 | D:2      | Reached skill level 1 in Necromancy
  1136 | D:2      | Reached XP level 4. HP: 32/36 MP: 5/7
  1140 | D:2      | Learned a level 3 spell: Fugue of the Fallen
  1509 | D:2      | Noticed Natasha
  1516 | D:2      | Killed Natasha
  1517 | D:2      | Reached skill level 5 in Axes
  1692 | D:3      | Noticed Terence
  1702 | D:3      | Killed Terence
  1703 | D:3      | Reached XP level 5. HP: 36/42 MP: 6/8
  2061 | D:3      | Identified the +1 leather armour "Piecleic" {Int+4 Dex+2}
  2455 | D:3      | Found an opulent altar of Gozag.
  2455 | D:3      | Found an opulent altar of Gozag.
  2539 | D:3      | Found a sacrificial altar of Ru.
  2541 | D:3      | Found a glowing silver altar of Zin.
  2542 | D:3      | Found an ancient bone altar of Kikubaaqudgha.
  2575 | D:3      | Found an opulent altar of Gozag.
  2580 | D:3      | Found an opulent altar of Gozag.
  2735 | D:4      | Noticed a wyvern
  2875 | D:3      | Mangled by a wyvern

Illustrated notes

Levels and vault maps discovered:
D:1:      dpeg_arrival_tiny_k, layout_loops_ring, minmay_vboxes
D:2:      layout_loops_ring, grunt_ministairs_12, uniq_natasha
D:3:      layout_loops_ring, minitemple, nicolae_gozag_conspicuous_consumption,
          chequers_serial_rivers_small_3, uniq_terence
D:4:      layout_basic

Skill      XL: |  1  2  3  4  5 |
---------------+----------------+-----
Axes           | 4 5 |  5.7
Armour         | 1 2 |  2.6
Spellcasting   | 2 |  2.0
Fighting       | 3 |  3.7
Necromancy     | 1 2 |  2.2
Dodging        | |  1.3
Conjurations   | |  2.6

Action                     |  1- 3 |  4- 6 || total
---------------------------+-------+-------++-------
  Melee: Hand axe          |   112 |   101 ||   213
   Cast: Kiss of Death     |     2 |     3 ||     5
    Use: Scroll            |       |     2 ||     2
 Armour: Scale mail        |    81 |    51 ||   132
         Chain mail        |       |    21 ||    21
  Dodge: Dodged            |    71 |    45 ||   116

Table legend: (Time is in decaauts)
 A = Elapsed time spent in this place.
 B = Non-inter-level travel time spent in this place.
 C = Inter-level travel time spent in this place.
 D = Time resting spent in this place.
 E = Time spent auto-exploring this place.
 F = Levels seen in this place.
 G = Mean time per level.
                   A        B        C        D        E       F      G
               +--------+--------+--------+--------+--------+-----+--------+
         Total |   2895 |   2795 |    100 |    128 |   2056 |   4 |  723.8 |
       Dungeon |   2895 |   2795 |    100 |    128 |   2056 |   4 |  723.8 |
               +--------+--------+--------+--------+--------+-----+--------+

Top non-repeatable levels by time:
     D:3: 1028 daAuts
     D:2: 918 daAuts
     D:1: 862 daAuts
     D:4: 86 daAuts
